[Event "Titled Tuesday Blitz February 07 Late 2023"]
[White "tuschessCM1"]
[Black "Mareco, Sandro"]
[BlackFideId "112275"]
[WhiteElo "2670"]
[BlackElo "2633"]
[Result "1-0"]
[Round "03"]
[TimeControl "180+2"]
[Date "2023.02.07"]
[WhiteClock "0:00:10"]
[BlackClock "0:00:02"]

1. c4 f5 2. g3 Nf6 3. Bg2 d6 4. d3 e5 5. Nc3 Be7 6. e4 O-O 7. Nge2 Nc6 8. O-O Qe8 9. Nd5 Bd8 10. Nec3 Nd4 11. Nxf6+ Rxf6 12. Bg5 Rg6 13. Bxd8 Qxd8 14. Ne2 Nxe2+ 15. Qxe2 f4 16. Rad1 c5 17. Rb1 a5 18. a3 a4 19. b3 axb3 20. Rxb3 Ra7 21. Rfb1 fxg3 22. fxg3 Qg5 23. Rf1 Rf6 24. Rxf6 gxf6 25. Qe1 h5 26. h4 Qg4 27. Kf2 Kg7 28. Bf3 Qh3 29. Qg1 f5 30. Bxh5 fxe4 31. dxe4 Be6 32. Be2 Bf7 33. Qg2 Qe6 34. Qf3 Qg6 35. Kg2 Be6 36. Rb6 Bd7 37. Qe3 Bc6 38. Bf3 Ra4 39. Qb3 Ra7 40. Qd3 Ra8 41. Rb2 Rf8 42. Rf2 Rxf3 43. Kxf3 Qf5+ 44. Ke3 Qg4 45. Rf3 b6 46. Qc2 Qg6 47. Qd3 Qh6+ 48. Ke2 Qg6 49. Rf2 Bxe4 50. Qe3 Qh5+ 51. Kd2 Qg6 52. Qg5 Bb1 53. Rf6 Qxg5+ 54. hxg5 Ba2 55. Kc3 d5 56. cxd5 Bxd5 57. Rxb6 c4 58. Rd6 Bg8 59. a4 e4 60. Kd4 c3 61. Kxc3 Bh7 62. Kd4 Kf8 63. a5 Ke8 64. Rh6 Bf5 65. a6 1-0


[Site "https://www.chess.com"]

[Event "Titled Tuesday Blitz February 07 Late 2023"]
[White "Flynn, Jacob"]
[Black "Nazari, Arad"]
[WhiteFideId "2509393"]
[BlackFideId "12577324"]
[WhiteElo "2102"]
[BlackElo "2367"]
[Result "1/2-1/2"]
[Round "03"]
[TimeControl "180+2"]
[Date "2023.02.07"]
[WhiteClock "0:00:22"]
[BlackClock "0:00:20"]

1. d4 Nf6 2. c4 g6 3. Nc3 d5 4. Nf3 Bg7 5. cxd5 Nxd5 6. e3 O-O 7. Bc4 Nxc3 8. bxc3 c5 9. O-O Nc6 10. h3 Qa5 11. Qb3 cxd4 12. cxd4 Qh5 13. Be2 e5 14. dxe5 Nxe5 15. Bb2 Be6 16. Qa3 Rfe8 17. Nd4 Qh4 18. Nxe6 Rxe6 19. Bd4 Nc6 20. Bxg7 Kxg7 21. Qb2+ Qf6 22. Rab1 Qxb2 23. Rxb2 b6 24. Rc1 Rd8 25. Rbc2 Nb4 26. Rc7 Rd2 27. Bc4 Rf6 28. f4 a5 29. a3 Nc2 30. Re7 Nxa3 31. Bb3 Rd3 32. Ba2 b5 33. Rcc7 Nc4 34. Bxc4 bxc4 35. Rxc4 Rf5 36. g4 Rb5 37. Rcc7 Rd2 38. Rxf7+ Kg8 39. Rg7+ Kf8 40. Rb7 Rc5 41. Rgc7 Rxc7 42. Rxc7 Kg8 43. Ra7 Re2 44. Rxa5 Rxe3 45. Kg2 Rd3 46. Ra7 Rc3 47. Kh2 Rf3 48. f5 gxf5 49. gxf5 Rxf5 50. Ra3 Rb5 51. Kg2 Kg7 52. Rf3 Kg6 53. Kg3 Kg5 54. Re3 h5 55. Rf3 h4+ 56. Kg2 Rb2+ 57. Rf2 Rb3 58. Rf3 Rb4 59. Rf2 Re4 60. Rf3 Re2+ 61. Rf2 Rxf2+ 62. Kxf2 Kf4 63. Kg1 Kg3 64. Kh1 Kxh3 65. Kg1 Kg3 66. Kh1 h3 67. Kg1 h2+ 68. Kh1 Kh3 1/2-1/2


[Site "https://www.chess.com"]

[Event "Titled Tuesday Blitz February 07 Late 2023"]
[White "Vlassov, Nikolai"]
[Black "CheckBits"]
[WhiteFideId "4103360"]
[WhiteElo "2283"]
[BlackElo "2403"]
[Result "1-0"]
[Round "03"]
[TimeControl "180+2"]
[Date "2023.02.07"]
[WhiteClock "0:01:08"]
[BlackClock "0:00:01"]

1. e4 e5 2. Bc4 Nf6 3. d3 Nc6 4. Nf3 Bc5 5. Bg5 h6 6. Bh4 d6 7. Nc3 a6 8. Nd5 g5 9. Nxg5 Nxd5 10. Qh5 Qd7 11. Bxd5 Nd8 12. h3 c6 13. Bb3 d5 14. O-O-O Be7 15. Nf3 Qd6 16. Bxe7 Qxe7 17. exd5 cxd5 18. Rhe1 O-O 19. Qxh6 f6 20. Bxd5+ Be6 21. Qg6+ Qg7 22. Qe4 Rc8 23. Nh4 1-0


[Site "https://www.chess.com"]

[Event "Titled Tuesday Blitz February 07 Late 2023"]
[White "Ozer, Omer Faruk"]
[Black "Mazurkiewicz, Michal"]
[WhiteFideId "6354564"]
[BlackFideId "1124943"]
[WhiteElo "2360"]
[BlackElo "2145"]
[Result "0-1"]
[Round "03"]
[TimeControl "180+2"]
[Date "2023.02.07"]
[WhiteClock "0:01:14"]
[BlackClock "0:00:22"]

1. d4 Nf6 2. c4 e5 3. dxe5 Ng4 4. Nf3 Bc5 5. e3 Nc6 6. Nc3 O-O 7. a3 a5 8. b3 Re8 9. Bb2 Ncxe5 10. Nxe5 Nxe5 11. Be2 Ra6 12. Nd5 Rh6 13. Qc2 c6 14. Nf4 Qe7 15. Qc3 Rf6 16. g3 b6 17. O-O Bd6 18. Rfd1 Bc7 19. b4 Ng6 20. Nh5 Be5 21. Qc2 Bxb2 22. Qxb2 Ne5 23. Nxf6+ Qxf6 24. f4 Nf3+ 0-1


[Site "https://www.chess.com"]

[Event "Titled Tuesday Blitz February 07 Late 2023"]
[White "Gutkin, Ilya"]
[Black "Godzwon, Iwo"]
[WhiteFideId "16203470"]
[BlackFideId "21802483"]
[WhiteElo "2273"]
[BlackElo "2394"]
[Result "0-1"]
[Round "03"]
[TimeControl "180+2"]
[Date "2023.02.07"]
[WhiteClock "0:00:03"]
[BlackClock "0:01:40"]

1. Nf3 Nf6 2. g3 g6 3. b3 Bg7 4. Bb2 O-O 5. Bg2 c6 6. c4 d5 7. O-O Nbd7 8. Qc2 e6 9. d3 b6 10. Nc3 Bb7 11. e4 Rc8 12. Rfe1 c5 13. exd5 exd5 14. Nd2 Nb8 15. cxd5 Nxd5 16. Nxd5 Bxd5 17. Bxg7 Kxg7 18. Qc3+ f6 19. Bxd5 Qxd5 20. Re7+ Rf7 21. Rae1 Nc6 22. Rxf7+ Kxf7 23. Ne4 Nd4 24. Re3 Re8 25. Qc4 Rd8 26. Nc3 Qxc4 27. dxc4 Nf5 28. Re2 Ne7 29. Kg2 Rd3 30. Ne4 h6 31. Rd2 Rxd2 32. Nxd2 Ke6 33. Kf3 Nc6 34. Ke4 Nb4 35. a3 f5+ 36. Kf4 Nc2 37. a4 g5+ 38. Kf3 Ke5 39. Ke2 Kd4 40. Nb1 Na1 0-1


[Site "https://www.chess.com"]

[Event "Titled Tuesday Blitz February 07 Late 2023"]
[White "Rodriguez Fontecha, Marcos"]
[Black "Skvortsov, Andrei"]
[WhiteFideId "2256576"]
[BlackFideId "24108600"]
[WhiteElo "2309"]
[BlackElo "2313"]
[Result "1-0"]
[Round "03"]
[TimeControl "180+2"]
[Date "2023.02.07"]
[WhiteClock "0:00:36"]
[BlackClock "0:00:06"]

1. d4 d5 2. Bf4 c5 3. e4 dxe4 4. d5 Nf6 5. Nc3 a6 6. Nge2 Bg4 7. h3 Bh5 8. g4 Bg6 9. Ng3 e6 10. dxe6 Nc6 11. g5 Nd4 12. gxf6 Nf3+ 13. Ke2 Nd4+ 14. Ke3 Qxf6 15. Ncxe4 Qxe6 16. c3 Nc6 17. Kf3 Be7 18. Qb3 Qc8 19. Kg2 O-O 20. Re1 Rd8 21. Kh2 h5 22. Bg2 h4 23. Nf1 Bf5 24. Ne3 Be6 25. Qc2 Qd7 26. Rd1 Qe8 27. Rxd8 Rxd8 28. Rd1 f5 29. Ng5 Bxg5 30. Bxg5 Rxd1 31. Qxd1 Qb8+ 32. f4 Bxa2 33. Bd5+ Bxd5 34. Qxd5+ Kh8 35. Qxf5 Qe8 36. Qxc5 Kh7 37. Bxh4 Qf7 38. Qf5+ Kg8 39. Qxf7+ Kxf7 40. Nc4 b5 41. Ne5+ Nxe5 42. fxe5 a5 43. Bd8 a4 44. Kg3 Ke6 45. Kf4 1-0


[Site "https://www.chess.com"]

[Event "Titled Tuesday Blitz February 07 Late 2023"]
[White "Martinez Ramirez, Lennis"]
[Black "Huber, Benedikt"]
[WhiteFideId "3509079"]
[BlackFideId "12923583"]
[WhiteElo "2426"]
[BlackElo "2272"]
[Result "1-0"]
[Round "03"]
[TimeControl "180+2"]
[Date "2023.02.07"]
[WhiteClock "0:00:16"]
[BlackClock "0:00:04"]

1. Nf3 f5 2. d4 Nf6 3. h3 e6 4. g4 fxg4 5. hxg4 Nxg4 6. Qd3 Nf6 7. Ng5 d5 8. Bf4 Nc6 9. Rxh7 Rxh7 10. Qg6+ Kd7 11. Nxh7 Nxd4 12. Be5 Nxh7 13. Bxd4 Qh4 14. Bxg7 Bxg7 15. Qxg7+ Qe7 16. Qg6 b6 17. Nd2 Ba6 18. Nf3 Rf8 19. O-O-O Kc8 20. Qg3 Nf6 21. Ng5 Rg8 22. Qe5 Ng4 23. Qxe6+ Qxe6 24. Nxe6 Nxf2 25. Re1 Rg1 26. Nf4 c5 27. Nxd5 Bb7 28. Nf4 Kc7 29. e3 Bf3 30. Kd2 Ne4+ 31. Kd3 Nf2+ 32. Kc4 Rxf1 33. Rxf1 Be2+ 34. Nxe2 Ne4 35. Kd3 Ng3 36. Nxg3 1-0


[Site "https://www.chess.com"]

[Event "Titled Tuesday Blitz February 07 Late 2023"]
[White "Bilan, Danila"]
[Black "Rosen, Eric"]
[WhiteFideId "24161918"]
[BlackFideId "2032562"]
[WhiteElo "2303"]
[BlackElo "2349"]
[Result "0-1"]
[Round "03"]
[TimeControl "180+2"]
[Date "2023.02.07"]
[WhiteClock "0:00:04"]
[BlackClock "0:00:09"]

1. d4 d5 2. Nf3 Nf6 3. c4 e6 4. Nc3 a6 5. cxd5 exd5 6. Bg5 Be7 7. e3 O-O 8. Bd3 Nbd7 9. Qc2 Re8 10. O-O Nf8 11. Ne5 c6 12. Rab1 Ng4 13. Bxe7 Qxe7 14. Nxg4 Bxg4 15. b4 Ng6 16. Bf5 Qg5 17. Bxg4 Qxg4 18. Qe2 Qg5 19. Qf3 Re6 20. g3 Rf6 21. Qg2 h5 22. a4 h4 23. b5 axb5 24. axb5 Ra3 25. bxc6 bxc6 26. Ne2 Qg4 27. Nf4 Nxf4 28. gxf4 Qh5 29. Qh3 Kh7 30. Ra1 Rd3 31. Ra8 Rxf4 32. Qc8 Rg4+ 33. Kh1 Qg5 34. Qh8+ Kg6 35. f4 Qf5 36. Re8 Rd2 37. Re5 Rxh2+ 38. Kxh2 Qc2+ 39. Kh3 Qg2# 0-1


[Site "https://www.chess.com"]

[Event "Titled Tuesday Blitz February 07 Late 2023"]
[White "Manukyan, Sargis A."]
[Black "Herman, Daniel"]
[WhiteFideId "13303970"]
[BlackFideId "30935008"]
[WhiteElo "2158"]
[BlackElo "1956"]
[Result "1-0"]
[Round "03"]
[TimeControl "180+2"]
[Date "2023.02.07"]
[WhiteClock "0:01:34"]
[BlackClock "0:00:05"]

1. d4 d5 2. c4 c6 3. Nc3 Nf6 4. e3 e6 5. Nf3 Nbd7 6. Bd3 dxc4 7. Bxc4 b5 8. Bd3 Bb7 9. O-O Bd6 10. e4 e5 11. d5 a6 12. dxc6 Bxc6 13. Bxb5 Bxb5 14. Nxb5 axb5 15. Qxd6 Qe7 16. Qxe7+ Kxe7 17. Bg5 Ke6 18. Rfe1 Rhc8 19. a3 Nc5 20. Bxf6 gxf6 21. Rad1 Rd8 22. Rb1 Nd3 23. Re3 Rac8 24. h3 Nf4 25. g3 Nxh3+ 26. Kg2 Ng5 27. Nxg5+ fxg5 28. Rh1 Rc2 29. Rh6+ f6 30. Rf3 Rf8 31. Rb3 Rb8 32. Rxh7 Rc4 33. Rb4 Rxb4 34. axb4 Rd8 35. Rb7 Rd2 36. Rb6+ Kf7 37. b3 Rb2 38. Rb7+ Kg6 39. Rxb5 Rxb3 40. g4 Kf7 41. Rb6 Rb2 42. Kg3 Rb3+ 43. f3 Rb2 44. b5 Kg6 45. Rb7 Kh6 46. b6 Kg6 47. Rb8 Kg7 48. Kh3 Kh7 49. Kg3 Kg7 50. b7 Kh7 51. Rf8 Rxb7 52. Rxf6 Kg7 53. Rf5 Kg6 54. Rxe5 Rb3 55. Re6+ Kg7 56. Rc6 Rc3 57. Rxc3 1-0


[Site "https://www.chess.com"]

[Event "Titled Tuesday Blitz February 07 Late 2023"]
[White "Fernandez Garcia, Gumersindo"]
[Black "Di Berardino, Diego Rafael"]
[WhiteFideId "24516740"]
[BlackFideId "2105446"]
[WhiteElo "2160"]
[BlackElo "2479"]
[Result "0-1"]
[Round "03"]
[TimeControl "180+2"]
[Date "2023.02.07"]
[WhiteClock "0:00:18"]
[BlackClock "0:01:06"]

1. e4 c5 2. c3 d5 3. exd5 Qxd5 4. Nf3 Nf6 5. d4 Bg4 6. Be2 e6 7. O-O Be7 8. h3 Bh5 9. Be3 cxd4 10. cxd4 Nc6 11. Nc3 Qd6 12. Qb3 O-O 13. Rfd1 Rfd8 14. Rac1 Rac8 15. Qxb7 Rb8 16. Qa6 Rb6 17. Qa4 Rb4 18. Qa6 Rxb2 19. Nb5 Qb8 20. Rxc6 Rxe2 21. Nxa7 Bxf3 22. gxf3 Rxe3 23. Rdc1 Ra3 24. Qc8 Rxa7 25. Qxb8 Rxb8 26. Rc8+ Rxc8 27. Rxc8+ Bf8 28. Rc2 Nd5 29. Kf1 g6 0-1


[Site "https://www.chess.com"]

[Event "Titled Tuesday Blitz February 07 Late 2023"]
[White "Suder, Jakub"]
[Black "Dzierzak, Radoslaw"]
[WhiteFideId "1195310"]
[BlackFideId "1161407"]
[WhiteElo "2244"]
[BlackElo "2220"]
[Result "0-1"]
[Round "03"]
[TimeControl "180+2"]
[Date "2023.02.07"]
[WhiteClock "0:00:01"]
[BlackClock "0:00:02"]

1. d4 Nf6 2. c4 e6 3. Nc3 Bb4 4. f3 O-O 5. a3 Bxc3+ 6. bxc3 Ne8 7. Nh3 b6 8. e4 Ba6 9. Bd3 Nc6 10. O-O Na5 11. Qe2 c5 12. f4 cxd4 13. cxd4 Nb3 14. Rb1 Nxd4 15. Qf2 Nc6 16. Bb2 f6 17. Qh4 Qe7 18. Rf3 Qc5+ 19. Kh1 Nd6 20. Rg3 e5 21. Qg4 Rf7 22. Rc1 Bxc4 23. fxe5 Nxe5 24. Bxe5 Qxe5 25. Bxc4 Nxc4 26. Nf4 Qxe4 27. h3 Ne3 28. Qe2 Nf5 29. Qf2 Nxg3+ 30. Qxg3 Re8 31. Kh2 Qe3 32. Nd5 Qxg3+ 33. Kxg3 h5 34. Rc7 d6 35. Rc6 Rd7 36. Kf4 Kf7 37. h4 Re5 38. Nb4 g5+ 39. hxg5 fxg5+ 40. Kf3 a5 41. Nd3 Rd5 42. Nf2 Kg6 43. Ne4 Rf7+ 44. Kg3 h4+ 45. Kh2 Rf4 46. Nc3 Rd3 47. Ne2 Rg4 48. Rc2 Re4 0-1


[Site "https://www.chess.com"]

[Event "Titled Tuesday Blitz February 07 Late 2023"]
[White "Buchenau, Frank"]
[Black "Martynov, Pavel"]
[WhiteFideId "4604350"]
[BlackFideId "4101260"]
[WhiteElo "2222"]
[BlackElo "2414"]
[Result "1-0"]
[Round "03"]
[TimeControl "180+2"]
[Date "2023.02.07"]
[WhiteClock "0:00:18"]
[BlackClock "0:00:06"]

1. e4 c5 2. Nf3 e6 3. d4 cxd4 4. Nxd4 Nc6 5. Nc3 Qc7 6. Be3 a6 7. Bd3 Nf6 8. O-O Ne5 9. Be2 h5 10. h3 Bb4 11. f4 Nc4 12. Bxc4 Qxc4 13. e5 Nd5 14. Nxd5 Qxd5 15. Nb3 Qe4 16. Qd3 Qxd3 17. cxd3 b5 18. Rac1 Bb7 19. Bc5 Bxc5+ 20. Nxc5 Bc6 21. Ne4 Ke7 22. Rc5 f6 23. f5 Bxe4 24. exf6+ gxf6 25. dxe4 Rhc8 26. Rfc1 Rxc5 27. Rxc5 Kd6 28. b4 a5 29. a3 axb4 30. axb4 Ra4 31. Rxb5 Kc6 32. Rc5+ Kd6 33. fxe6 dxe6 34. Rb5 h4 35. Rb6+ Ke5 36. Kf2 Ra2+ 37. Kf3 Ra3+ 38. Kg4 Rg3+ 39. Kxh4 Rxg2 40. b5 Rg7 41. Kh5 Rg5+ 42. Kh6 Rg3 43. h4 Rg4 44. h5 Rxe4 45. Kg7 Rg4+ 46. Kf7 f5 47. Rxe6+ Kd5 48. b6 Rb4 49. Rf6 f4 50. h6 1-0


[Site "https://www.chess.com"]

[Event "Titled Tuesday Blitz February 07 Late 2023"]
[White "Crevatin, Leo"]
[Black "Saya, Ethan"]
[WhiteFideId "1726307"]
[BlackFideId "26095181"]
[WhiteElo "2292"]
[BlackElo "2181"]
[Result "0-1"]
[Round "03"]
[TimeControl "180+2"]
[Date "2023.02.07"]
[WhiteClock "0:00:02"]
[BlackClock "0:00:06"]

1. e4 c5 2. c3 Nf6 3. e5 Nd5 4. Nf3 d6 5. Bb5+ Bd7 6. Bc4 e6 7. O-O Nc6 8. d4 cxd4 9. cxd4 Nb6 10. Bd3 Be7 11. Nc3 O-O 12. Qe2 Nb4 13. Bb1 N4d5 14. Ne4 dxe5 15. dxe5 Bc6 16. Nfg5 g6 17. h4 Qd7 18. Rd1 Rad8 19. Bc2 Ba4 20. b3 Bb5 21. Qg4 Qc6 22. Bd3 Nc3 23. Nxc3 Qxc3 24. Bb2 Qxb2 25. Bxb5 Nd5 26. Ne4 Qxe5 27. Qf3 Qf4 28. Qxf4 Nxf4 29. g3 Nd5 30. Rac1 Rc8 31. Bc4 Nb6 32. Be2 Rxc1 33. Rxc1 Rc8 34. Rxc8+ Nxc8 35. Bf3 Kf8 36. Kf1 Ke8 37. Ke2 Kd7 38. h5 b6 39. g4 gxh5 40. gxh5 Nd6 41. Nxd6 Kxd6 42. Be4 f5 43. Bc2 Ke5 44. Kf3 Kd4 45. a4 Bd6 46. Ke2 Kc3 47. Kd1 h6 48. f3 a5 49. Kc1 Kd4 50. Kd2 Bb4+ 51. Ke2 Kc3 52. Bd3 Kxb3 53. Bb5 Kc3 54. Ke3 Bd6 55. f4 Kb4 0-1


[Site "https://www.chess.com"]

[Event "Titled Tuesday Blitz February 07 Late 2023"]
[White "Becerra, Juan David"]
[Black "Koellner, Ruben Gideon"]
[WhiteFideId "4404998"]
[BlackFideId "12993093"]
[WhiteElo "2382"]
[BlackElo "2426"]
[Result "0-1"]
[Round "03"]
[TimeControl "180+2"]
[Date "2023.02.07"]
[WhiteClock "0:00:57"]
[BlackClock "0:00:39"]

1. e4 d6 2. d4 Nf6 3. Nc3 e5 4. Nge2 Nc6 5. h3 exd4 6. Nxd4 Be7 7. g4 O-O 8. Bg2 Re8 9. Nxc6 bxc6 10. g5 Nd7 11. h4 Ne5 12. O-O Bg4 13. Qe1 Nf3+ 14. Bxf3 Bxf3 15. Qe3 Bh5 16. f4 d5 17. Qg3 Bc5+ 18. Kh2 dxe4 19. Be3 Bxe3 20. Qxe3 Qd7 21. Nxe4 Qd5 22. Rae1 Bg6 23. f5 Bxf5 24. Nc3 Rxe3 25. Nxd5 Rxe1 26. Rxe1 cxd5 27. Re7 Rc8 28. c3 Be6 0-1


[Site "https://www.chess.com"]

[Event "Titled Tuesday Blitz February 07 Late 2023"]
[White "Klose, Eli"]
[Black "Mikhalsky, Vladimir"]
[WhiteFideId "16242955"]
[BlackFideId "14144352"]
[WhiteElo "1519"]
[BlackElo "2219"]
[Result "1-0"]
[Round "03"]
[TimeControl "180+2"]
[Date "2023.02.07"]
[WhiteClock "0:01:44"]
[BlackClock "0:00:55"]

1. e4 c5 2. Nc3 Nc6 3. g3 g6 4. d3 Bg7 5. Be3 d6 6. Qd2 e5 7. f4 Nge7 8. Bg2 Nd4 9. Nf3 Bh3 10. O-O Bxg2 11. Kxg2 d5 12. Nxe5 Nxc2 13. Qxc2 d4 14. Qa4+ Kf8 15. Bd2 dxc3 16. Bxc3 Qe8 17. Qb3 b5 18. a3 Rb8 19. Ng4 f5 20. Bxg7+ Kxg7 21. Qc3+ Kf7 22. Qf6+ Kg8 23. Nh6# 1-0


[Site "https://www.chess.com"]

[Event "Titled Tuesday Blitz February 07 Late 2023"]
[White "Forgacs, Attila Jr."]
[Black "Diaz Perez, Michel Alejandro"]
[WhiteFideId "773654"]
[BlackFideId "3517179"]
[WhiteElo "2264"]
[BlackElo "2414"]
[Result "1/2-1/2"]
[Round "03"]
[TimeControl "180+2"]
[Date "2023.02.07"]
[WhiteClock "0:00:06"]
[BlackClock "0:00:49"]

1. e4 d6 2. d4 Nf6 3. Nc3 e5 4. Nf3 Nbd7 5. Rg1 c6 6. g4 g6 7. g5 Nh5 8. Be3 Bg7 9. Qd2 b5 10. a3 a5 11. Ne2 Qc7 12. O-O-O O-O 13. Ng3 Nxg3 14. hxg3 Nb6 15. dxe5 dxe5 16. Qd6 Qb7 17. Nxe5 Na4 18. Bd4 b4 19. Qxc6 bxa3 20. Qxb7 Bxb7 21. bxa3 Rfd8 22. f4 Rac8 23. Bb5 Rxd4 24. Rxd4 Nc3 25. Bc4 Bxe5 26. fxe5 Rxc4 27. Rxc4 Ne2+ 28. Kd2 Nxg1 29. Ke3 Nh3 30. Rc7 Ba6 31. Ra7 Bf1 32. e6 fxe6 33. Ra8+ Kg7 34. Ra7+ Kg8 35. Rxa5 Kf7 36. Rc5 Ke7 37. a4 Kd6 38. Kd4 Nf2 39. e5+ Kd7 40. a5 Nh3 41. c4 Nxg5 42. a6 Bg2 43. a7 h5 44. Rb5 Kc7 45. Rb8 Nf3+ 46. Ke3 Nxe5 47. a8=Q Bxa8 48. Rxa8 Nxc4+ 49. Kf4 Kd6 50. Ra6+ Kd5 51. Ra8 e5+ 52. Kg5 e4 53. Rd8+ Ke6 54. Kxg6 e3 55. Re8+ Kd5 56. Kxh5 Ne5 57. Rd8+ Ke4 58. Rd1 Kf3 59. Re1 Nd3 60. Rxe3+ Kxe3 61. g4 Kf4 62. g5 Ne5 63. g6 Nxg6 1/2-1/2


[Site "https://www.chess.com"]

[Event "Titled Tuesday Blitz February 07 Late 2023"]
[White "Chylewski, Patryk"]
[Black "Grot, Blazej"]
[WhiteFideId "1186191"]
[BlackFideId "21835845"]
[WhiteElo "2281"]
[BlackElo "1990"]
[Result "1-0"]
[Round "03"]
[TimeControl "180+2"]
[Date "2023.02.07"]
[WhiteClock "0:00:34"]
[BlackClock "0:00:03"]

1. e4 e5 2. Nf3 Nc6 3. d4 exd4 4. Bc4 Bc5 5. c3 Nf6 6. e5 d5 7. Be2 Ne4 8. cxd4 Bb6 9. O-O Bg4 10. Be3 O-O 11. Nbd2 f6 12. exf6 Qxf6 13. Rc1 Rae8 14. Re1 Nxd4 15. Nxe4 Rxe4 16. Nxd4 Bxd4 17. Bxg4 Bxe3 18. fxe3 Qf2+ 19. Kh1 Rxe3 20. Rxe3 Qxe3 21. Qxd5+ Kh8 22. Rd1 Qf4 23. Bf3 c6 24. Qd6 Qf7 25. h3 h6 26. Qd7 Qf6 27. Qxb7 Rf7 28. Qxc6 Qxb2 29. Rd8+ Kh7 30. Be4+ g6 31. Qxg6# 1-0


[Site "https://www.chess.com"]

[Event "Titled Tuesday Blitz February 07 Late 2023"]
[White "Janaszak, Dawid"]
[Black "Aguilar, Juan"]
[WhiteFideId "1119206"]
[BlackFideId "3800091"]
[WhiteElo "2316"]
[BlackElo "2254"]
[Result "1-0"]
[Round "03"]
[TimeControl "180+2"]
[Date "2023.02.07"]
[WhiteClock "0:00:15"]
[BlackClock "0:00:01"]

1. e4 g6 2. Nc3 Bg7 3. Bc4 c5 4. h4 h5 5. Qf3 e6 6. d4 cxd4 7. Nb5 d6 8. Bf4 Be5 9. Bxe5 dxe5 10. Qa3 Ne7 11. Nd6+ Kf8 12. Nf3 Nbc6 13. Ng5 Qa5+ 14. Qxa5 Nxa5 15. Ndxf7 Rg8 16. Nxe5 Nxc4 17. Nxc4 Nc6 18. Rh3 Ke7 19. e5 Bd7 20. f4 Rgf8 21. Rf3 Nb4 22. Kd2 Bc6 23. Rb3 Nd5 24. g3 a5 25. Nb6 Rad8 26. Nxd5+ Rxd5 27. Rd1 Rfd8 28. Ke1 Rc5 29. Kd2 a4 30. Rb4 a3 31. b3 Rc3 32. Rg1 Rc5 33. Nh3 Bb5 34. Nf2 Ba6 35. Ne4 Rc6 36. Nd6 Rd7 37. Rxd4 Rdc7 38. c4 b5 39. Rc1 bxc4 40. bxc4 Rb6 41. Rc2 Rb1 42. Kc3 Rg1 43. Rd3 Rc5 44. Kb4 Rc7 45. Rxa3 Bb7 46. Ra7 Rb1+ 47. Kc3 Kd7 48. Rb2 Rxb2 49. Kxb2 Bf3 50. Rxc7+ Kxc7 51. Kc3 Kb6 52. Kb4 Bd1 53. a4 Kc6 54. a5 Bf3 55. Nb5 Kb7 56. Nd4 Bg4 57. Kc5 Kc7 58. a6 Bh3 59. Nb5+ Kd7 60. Kb6 Bg2 61. c5 Be4 62. Nd4 Bf3 63. a7 1-0


[Site "https://www.chess.com"]

[Event "Titled Tuesday Blitz February 07 Late 2023"]
[White "Rengifo Blancas, Renzo Jhonathan"]
[Black "Olenik Campa, Rudi"]
[WhiteFideId "3807185"]
[BlackFideId "14633264"]
[WhiteElo "2131"]
[BlackElo "2356"]
[Result "0-1"]
[Round "03"]
[TimeControl "180+2"]
[Date "2023.02.07"]
[WhiteClock "0:00:41"]
[BlackClock "0:02:31"]

1. e4 e6 2. d4 d5 3. Bd3 dxe4 4. Bxe4 Nf6 5. Bf3 Be7 6. Ne2 O-O 7. O-O Nbd7 8. b3 c5 9. Bb2 cxd4 10. Qxd4 Qc7 11. Nbc3 a6 12. Rfd1 Rb8 13. Rac1 b5 14. Ne4 e5 15. Nxf6+ Bxf6 16. Qd6 Qxd6 17. Rxd6 e4 18. Bxf6 exf3 19. Be7 Re8 20. Rxd7 Bxd7 21. Bd6 fxe2 0-1


[Site "https://www.chess.com"]

[Event "Titled Tuesday Blitz February 07 Late 2023"]
[White "Mohammed, Zozek Salah Mohammed"]
[Black "Tarhan, Adar"]
[WhiteFideId "4803361"]
[BlackFideId "34544712"]
[WhiteElo "2210"]
[BlackElo "2314"]
[Result "1-0"]
[Round "03"]
[TimeControl "180+2"]
[Date "2023.02.07"]
[WhiteClock "0:01:20"]
[BlackClock "0:01:14"]

1. d4 Nf6 2. Nf3 d5 3. g3 c6 4. Bg2 Bg4 5. O-O Bxf3 6. Bxf3 e6 7. Nd2 h5 8. e4 h4 9. e5 Nfd7 10. c4 hxg3 11. fxg3 Qb6 12. c5 Bxc5 13. dxc5 Qxc5+ 14. Kg2 Nxe5 15. Nb3 Qd6 16. Bf4 Nbd7 17. Qe2 O-O-O 18. Rae1 f6 19. Nd4 g5 20. Bd2 Nc5 21. Bc3 Rh6 22. Bg4 Rdh8 23. Rh1 Ncd3 24. Ref1 f5 25. Bxf5 exf5 26. Nxf5 Qe6 27. Nxh6 Qxh6 28. Bxe5 Qh3+ 29. Kg1 Qe6 30. Qxd3 1-0


[Site "https://www.chess.com"]

[Event "Titled Tuesday Blitz February 07 Late 2023"]
[White "Nilsen, Tobias Lang"]
[Black "Czernek, Tymon"]
[WhiteFideId "1521624"]
[BlackFideId "1199510"]
[WhiteElo "2247"]
[BlackElo "2314"]
[Result "1/2-1/2"]
[Round "03"]
[TimeControl "180+2"]
[Date "2023.02.07"]
[WhiteClock "0:00:32"]
[BlackClock "0:00:12"]

1. e4 c5 2. Nf3 d6 3. d4 cxd4 4. Qxd4 Nc6 5. Bb5 Bd7 6. Bxc6 Bxc6 7. Nc3 e5 8. Qd3 h6 9. Nd2 Nf6 10. Nc4 Be7 11. Ne3 O-O 12. Ncd5 Nxd5 13. Nxd5 Bxd5 14. Qxd5 Rc8 15. c3 Qd7 16. O-O Rc5 17. Qb3 d5 18. exd5 Rxd5 19. Be3 b6 20. a4 Rd8 21. Qc4 Bc5 22. Bxc5 Rxc5 23. Qa6 Ra5 24. Qc4 Rd5 25. Qa6 Rd2 26. Rab1 e4 27. Rfe1 f5 28. a5 bxa5 29. Qxa5 Kh8 30. h3 Qf7 31. Ra1 R8d7 32. Qa2 Qh5 33. Qa4 Qh4 34. Rf1 Qf4 35. Rad1 Qd6 36. Rxd2 Qxd2 37. Qb4 Kh7 38. Qf8 Qd5 39. c4 Qe5 40. c5 f4 41. b4 e3 42. fxe3 fxe3 43. c6 Re7 44. Qf3 e2 45. Re1 Qd4+ 46. Qf2 Qxb4 47. Rxe2 Rxe2 48. Qxe2 Qb6+ 49. Qf2 Qxc6 50. Qxa7 1/2-1/2


[Site "https://www.chess.com"]

[Event "Titled Tuesday Blitz February 07 Late 2023"]
[White "Figorito, Nick"]
[Black "Aldokhin, Ivan"]
[WhiteFideId "30923689"]
[BlackFideId "24115720"]
[WhiteElo "2036"]
[BlackElo "2413"]
[Result "0-1"]
[Round "03"]
[TimeControl "180+2"]
[Date "2023.02.07"]
[WhiteClock "0:00:11"]
[BlackClock "0:00:07"]

1. Nf3 Nf6 2. g3 g6 3. Bg2 Bg7 4. O-O O-O 5. c4 d6 6. Nc3 e5 7. d3 Re8 8. e4 a5 9. Rb1 Nc6 10. a3 Bg4 11. h3 Bd7 12. b4 axb4 13. axb4 Rf8 14. b5 Na5 15. Bg5 h6 16. Be3 b6 17. Ne1 Nb7 18. Nc2 Nc5 19. Nb4 Ra3 20. Bxc5 bxc5 21. Nbd5 Nxd5 22. Nxd5 f5 23. exf5 Bxf5 24. Rb3 Ra2 25. g4 Be6 26. Be4 Qh4 27. Bg2 Rfxf2 28. Ne3 Qg3 29. Rxf2 Qxf2+ 30. Kh1 Qxe3 31. b6 cxb6 32. Rxb6 Qf2 33. Qf3 Qxf3 34. Bxf3 e4 35. Bxe4 Ra1+ 36. Kg2 Be5 37. Bxg6 Kg7 38. Be4 Kf6 39. Rb7 Kg5 40. Rh7 Ra2+ 41. Kf3 Bd4 42. Kg3 Be5+ 43. Kf3 Bg8 44. Re7 Rh2 45. h4+ Kxh4 46. Bd5 Rh3+ 47. Ke4 Bxd5+ 48. Kxd5 Rxd3+ 49. Kc6 Rd4 50. Kb5 Kxg4 51. Rh7 Kh5 52. Rh8 Bxh8 53. Kc6 Be5 54. Kb5 Kg5 55. Ka4 Rxc4+ 56. Kb5 Rd4 57. Kc6 h5 0-1


[Site "https://www.chess.com"]

[Event "Titled Tuesday Blitz February 07 Late 2023"]
[White "Saveliev, Alexei"]
[Black "Goncalves, Davi Sulzbacher"]
[WhiteFideId "24128546"]
[BlackFideId "2154510"]
[WhiteElo "2385"]
[BlackElo "2282"]
[Result "1-0"]
[Round "03"]
[TimeControl "180+2"]
[Date "2023.02.07"]
[WhiteClock "0:02:38"]
[BlackClock "0:00:15"]

1. c4 g6 2. Nc3 Bg7 3. d4 Nf6 4. e4 O-O 5. f4 c5 6. d5 d6 7. Nf3 e6 8. Be2 exd5 9. cxd5 Bg4 10. O-O Nbd7 11. h3 Bxf3 12. Bxf3 a6 13. a4 Re8 14. g4 h6 15. h4 c4 16. g5 Nh7 17. Be3 f5 18. Bd4 Bxd4+ 19. Qxd4 Qb6 20. Qxb6 Nxb6 21. exf5 gxf5 22. Rfe1 hxg5 23. hxg5 Nf8 24. Bh5 Rxe1+ 25. Rxe1 Nbd7 26. Re7 b5 27. axb5 axb5 28. Nxb5 Ra1+ 29. Kg2 Rd1 30. Bxd1 1-0


[Site "https://www.chess.com"]